 Dungeon Crawl Stone Soup version 0.28.0-1-gb440e238dd (webtiles) character file.

Game seed: 10300499703880295211

289 pkoi the Gusty (level 6, -3/45 HPs)
             Began as a Draconian Air Elementalist on Feb 20, 2022.
             Was an Initiate of Gozag.
             Slain by a water moccasin (4 damage)
             ... on level 4 of the Dungeon.
             The game lasted 00:07:00 (5989 turns).

pkoi the Gusty (Draconian Air Elementalist)         Turns: 5989, Time: 00:07:01

Health: -3/45      AC:  6    Str: 10 (11) XL:     6   Next: 9%
Magic:  7/9        EV: 12    Int: 15 (17) God:    Gozag
Gold:   118        SH:  0    Dex:  9 (11) Spells: 1/9 levels left

rFire   . . .      SeeInvis .   q - +6 dagger "Atotege" {speed, rC+ Stlth+}
rCold   + + .      Faith    .   (no shield)
rNeg    . . .      Spirit   .   (armour unavailable)
rPois   .          Reflect  .   (helmet restricted)
rElec   .          Harm     .   (no cloak)
rCorr   .          Rampage  .   (no gloves)
Will    .....      Clarity  +   (no boots)
Stlth   +++.......              (no amulet)
HPRegen 0.15/turn               (no ring)
MPRegen 0.11/turn               (no ring)

@: lethally poisoned (-3 -> -20)
A: AC +6, unfitting armour, cold-blooded, clarity, cold resistance 1
a: Renounce Religion, Potion Petition, Call Merchant, Bribe Branch


You were on level 4 of the Dungeon.
You worshipped Gozag.
Gozag was aware of your devotion.
You visited 1 branch of the dungeon, and saw 5 of its levels.
You also visited: Sewer.

You collected 193 gold pieces.
You paid 75 gold pieces to Gozag.

Inventory:

Hand Weapons
 c - a +0 dagger
 e - a +0 whip
 q - the +6 dagger "Atotege" (weapon) {speed, rC+ Stlth+}
   (You took it off a gnoll shaman on level 4 of the Dungeon)

   Attacks with this weapon are significantly faster.
   rC:        It protects you from cold.
   Stlth:     It makes you more stealthy.
Missiles
 b - 5 boomerangs
 p - 2 throwing nets
Wands
 k - a wand of iceblast (8)
Scrolls
 h - a scroll of teleportation
 m - a scroll of identify
 n - a scroll of vulnerability {unknown}
Potions
 a - a potion of degeneration
 d - a potion of mutation
 f - a potion of berserk rage
 g - a potion of curing {unknown}
 i - a potion of magic {unknown}
 j - 3 potions of heal wounds {unknown}
 l - 2 potions of brilliance {unknown}
 o - 2 potions of might {unknown}


   Skills:
 + Level 0.2 Short Blades
 - Level 1.7 Dodging
 - Level 1.7 Stealth
 - Level 2.0 Spellcasting
 - Level 1.0 Conjurations
 * Level 6.9 Air Magic


You had one spell level left.
You knew the following spells:

 Your Spells              Type           Power      Damage    Failure   Level
a - Shock                 Conj/Air       52%        1d6       4%          1
b - Airstrike             Air            11%        N/A       13%         4
c - Swiftness             Air            22%        N/A       4%          3

Your spell library contained the following spells:

 Spells                   Type           Power      Damage    Failure   Level
 Foxfire                  Conj/Fire      12%        2x1d4     19%         1
 Static Discharge         Conj/Air       13%        N/A       7%          2
 Conjure Flame            Conj/Fire      3%         6-21      47%         3
 Inner Flame              Hex/Fire       1%         N/A       54%         3
 Portal Projectile        Hex/Tloc       2%         N/A       54%         3
 Flame Wave               Conj/Fire      3%         2d4       87%         4
 Blade Hands              Tmut           0%         N/A       99%         5
 Excruciating Wounds      Necr           0%         N/A       99%         5


Dungeon Overview and Level Annotations

Branches:
Dungeon (5/15)              Sewer (visited)
 Temple: D:4-7

Altars:
Gozag
Uskayaw

Shops:
D:3 =   D:5 *

Annotations:
D:4 3 runed translucent doors, Selrock's ghost, amateur TrHu; pkoi's ghost, amateur DrAE


Innate Abilities, Weirdness & Mutations

Your plain brown scales are hard. (AC +6)
You cannot fit into any form of body armour.
You are cold-blooded and may be slowed by cold attacks.
You possess an exceptional clarity of mind.
Your flesh is cold resistant. (rC+)


Message History

You are more poisoned.
The water moccasin poisons you!
You feel very sick. The water moccasin bites you.
* * * LOW HITPOINT WARNING * * *
There is a stone staircase leading up here.
You feel very sick. The water moccasin bites you.
* * * LOW HITPOINT WARNING * * *
You are lethally poisoned!
The water moccasin poisons you! The water moccasin bites you.
* * * LOW HITPOINT WARNING * * *
You climb upwards.
Level annotation: 3 runed translucent doors, Selrock's ghost, amateur TrHu; pkoi's ghost, amateur DrAE
* * * LOW HITPOINT WARNING * * *
You feel extremely sick.
There is a stone staircase leading down here.
Unknown command.
* * * LOW HITPOINT WARNING * * *
You feel very sick. The water moccasin closely misses you.
The water moccasin bites you but does no damage.
* * * LOW HITPOINT WARNING * * *
You feel very sick.
It was a potion of degeneration.
There was something very wrong with that liquid.
You feel weakened.
You feel dopey.
You feel clumsy.
* * * LOW HITPOINT WARNING * * *
You feel very sick. The water moccasin barely misses you.
The water moccasin bites you.
* * * LOW HITPOINT WARNING * * *
You are more poisoned.
The water moccasin poisons you!
It was a potion of mutation.
You feel extremely strange.
Your thoughts seem clearer.
You feel resistant to cold.
* * * LOW HITPOINT WARNING * * *
You feel very sick. The water moccasin bites you.
You die...
Your body crumbles into a pile of gold.

.....................#####
.........................#
.....................###.#####
..........######.#...........#
..........###....#......)....####
..............####..............#
..............# #.....########.#
##########....####...###### #.#
................@SS..#....#####'#
.....#...#.##.########._.#.....##
.....#...#.##.##### #...#.###.#
.....#####.#......########.#...#
.....# ###.#............#....###
..##.###................###....#
####..##................#...#.###
####...#..........#######.###.#..
..##...###.#......# ##.....#._


You could see 2 water moccasins.

Vanquished Creatures
  A jelly (Sewer)
  A gnoll shaman (D:4)
  A hound zombie (D:5)
  A hound skeleton (D:4)
  3 gnolls (D:4)
  4 adders
  A river rat (Sewer)
  2 adder skeletons
  4 worms
  A dart slug (D:1)
  12 ball pythons
  18 endoplasms
  5 giant cockroaches
  7 goblins
  7 hobgoblins
  7 jackals
  7 kobolds
  6 quokkas
  4 bats
  4 frilled lizards
  13 rats
  A spectral kobold (D:1)
110 creatures vanquished.

Notes
Turn   | Place    | Note
-------+----------+-------------------------------------------
     0 | D:1      | pkoi the Draconian Air Elementalist began the quest for the
                  | Orb.
     0 | D:1      | Reached XP level 1. HP: 14/14 MP: 3/3
   294 | D:1      | Reached XP level 2. HP: 20/20 MP: 0/5
   725 | D:1      | Found a faded altar of an unknown god.
   765 | D:1      | Reached skill level 4 in Air Magic
   932 | D:1      | Reached XP level 3. HP: 24/26 MP: 3/6
  1835 | D:2      | Found a hide-covered altar of Uskayaw.
  2543 | D:3      | Reached XP level 4. HP: 28/33 MP: 0/7
  2629 | D:3      | Found Niofroen's Jewellery Emporium.
  2640 | D:3      | Reached skill level 5 in Air Magic
  2642 | D:3      | Found a glowing drain.
  2651 | Sewer    | Entered a sewer
  3464 | Sewer    | Found a viscous altar of Jiyva.
  3537 | D:3      | Reached XP level 5. HP: 22/38 MP: 1/8
  4325 | D:3      | Reached skill level 6 in Air Magic
  4798 | D:4      | Learned a level 4 spell: Airstrike
  4802 | D:4      | Learned a level 3 spell: Swiftness
  4989 | D:4      | Found an opulent altar of Gozag.
  4998 | D:4      | Found a hide-covered altar of Uskayaw.
  5123 | D:4      | Identified the +6 dagger "Atotege" {speed, rC+ Stlth+}
  5327 | D:4      | Found a runed translucent gate.
  5328 | D:4      | Found a runed translucent gate.
  5329 | D:4      | Found a runed translucent gate.
  5330 | D:4      | Noticed Selrock's ghost (amateur TrHu)
  5331 | D:4      | Noticed pkoi's ghost (amateur DrAE)
  5625 | D:4      | Reached XP level 6. HP: 31/45 MP: 1/9
  5756 | D:5      | Entered Level 5 of the Dungeon
  5886 | D:4      | Became a worshipper of Gozag Ym Sagoz the Greedy
  5979 | D:5      | Found Ygymp's Serpentskin Sales.
  5979 | D:5      | Noticed a water moccasin
  5979 | D:5      | Noticed a water moccasin
  5989 | D:4      | Gained mutation: You possess an exceptional clarity of
                  | mind. [potion of mutation]
  5989 | D:4      | Gained mutation: Your flesh is cold resistant. (rC+)
                  | [potion of mutation]
  5989 | D:4      | HP: 1/45 [poisoned by a water moccasin]
  5989 | D:4      | Slain by a water moccasin

Illustrated notes

Levels and vault maps discovered:
D:1:      dpeg_arrival_ratfight, layout_basic,
          dreamdust_ecumenical_altar_drowned_temple, eino_curves_04,
          minmay_tetromino_o4
D:2:      layout_basic, basic_altar, hex_intersection
D:3:      layout_rooms, serial_shops, shop, cheibrodos_sewer_entry_sluice,
          minmay_misc_feat_tower, columned_hall_lemuel,
          minmay_fractal_squares_diagonal_5
D:4:      layout_basic, mainiacjoe_overflow_swirl, gammafunk_ghost_cemetery
D:5:      layout_gridville, temple_pool_b, kennysheep_another_room,
          guppyfry_shop_venom, uniq_duvessa

Skill      XL: |  1  2  3  4  5 |
---------------+----------------+-----
Air Magic      | 4 5 6 |  6.9
Short Blades   | |  0.2
Dodging        | |  1.7
Stealth        | |  1.7
Spellcasting   | |  2.0
Conjurations   | |  1.0

Action                   |  1- 3 |  4- 6 || total
-------------------------+-------+-------++-------
Melee: Unarmed           |    51 |       ||    51
       Tailslap          |     9 |    12 ||    21
       Dagger            |    51 |    68 ||   119
       Punch             |       |     3 ||     3
 Cast: Shock             |    79 |   150 ||   229
  Use: Scroll            |       |     5 ||     5
       Potion            |       |     2 ||     2
Armor: Skin              |    28 |    18 ||    46
Dodge: Dodged            |    65 |    63 ||   128
